 Dungeon Crawl Stone Soup version 0.29-a0-841-g116ddc6ace (webtiles) character file.

Game seed: 18302341161398729752

133 mathmaestro the Grave Robber (level 4, 0/33 HPs)
             Began as a Demonspawn Necromancer on July 15, 2022.
             Slain by a phantom (5 damage)
             ... on level 5 of the Dungeon.
             The game lasted 00:05:51 (2098 turns).

mathmaestro the Grave Robber (DsNe)                 Turns: 2098, Time: 00:05:52

Health: 0/33       AC:  3    Str:  8    XL:     4   Next: 93%
Magic:  5/8        EV: 12    Int: 19    God:
Gold:   130        SH:  0    Dex: 13    Spells: 4/8 levels left

rFire   . . .      SeeInvis .   h - +2 dagger (venom)
rCold   . . .      Faith    .   (no shield)
rNeg    . . .      Spirit   .   a - +0 robe
rPois   .          Reflect  .   (no helmet)
rElec   .          Harm     .   (no cloak)
rCorr   .          Rampage  .   (no gloves)
Will    .....                   f - +0 pair of boots
Stlth   ++........              k - amulet of the acrobat
HPRegen 0.11/turn               (no ring)
MPRegen 0.11/turn               (no ring)

@: no status effects
A: claws 1
a: no special abilities


You were on level 5 of the Dungeon.
You visited 1 branch of the dungeon, and saw 4 of its levels.

You collected 130 gold pieces.

Inventory:

Hand Weapons
 h - a +2 dagger of venom (weapon)
Missiles
 g - 6 boomerangs
Armour
 a - a +0 robe (worn)
 f - a +0 pair of boots (worn)
Jewellery
 c - a ring of fire
 k - an amulet of the acrobat (around neck)
Wands
 l - a wand of paralysis (8)
Scrolls
 e - a scroll of teleportation
Potions
 b - a potion of magic
 d - 2 potions of heal wounds
 j - a potion of might {unknown}


   Skills:
 + Level 2.0 Fighting
 + Level 1.6 Armour
 - Level 2.0 Dodging
 - Level 2.0 Stealth
 + Level 2.8 Spellcasting
 + Level 5.1 Necromancy


You had 4 spell levels left.
You knew the following spells:

 Your Spells              Type           Power      Damage    Failure   Level
a - Necrotise             Necr           88%        1d8       1%          1
b - Vampiric Draining     Necr           22%        2d7       5%          3

Your spell library contained the following spells:

 Spells                   Type           Power      Damage    Failure   Level
 Sting                    Tmut/Pois      8%         1d3       16%         1
 Animate Dead             Necr           22%        N/A       19%         4
 Poisonous Vapours        Pois/Air       4%         N/A       24%         2
 Olgreb's Toxic Radiance  Pois           2%         N/A       83%         4
 Agony                    Necr           22%        N/A       45%         5


Dungeon Overview and Level Annotations

Branches:
Dungeon (5/15)
 Temple: D:4-7

Altars:

Shops:
D:1 =   D:3 [


Innate Abilities, Weirdness & Mutations

You have sharp fingernails.


Message History

Found 9 gold pieces.
You are too injured to fight recklessly!
You are too injured to fight recklessly!
You are too injured to fight recklessly!
You are too injured to fight recklessly!
You are too injured to fight recklessly!
You are too injured to fight recklessly!
You are too injured to fight recklessly!
You are too injured to fight recklessly!
You are too injured to fight recklessly!
You are too injured to fight recklessly!
You are too injured to fight recklessly!
You are too injured to fight recklessly!
You are too injured to fight recklessly!
You are too injured to fight recklessly!
You are too injured to fight recklessly!
You are too injured to fight recklessly!
You are too injured to fight recklessly!
You are too injured to fight recklessly!
You are too injured to fight recklessly!
You are too injured to fight recklessly!
You hit the phantom.
The phantom is severely damaged.
The jelly quivers.
The jelly barely misses you. The phantom hits you.
The phantom blinks!
You blink.
You closely miss the phantom.
The phantom is severely damaged.
The phantom hits you.
The phantom blinks!
You blink.
Casting: Necrotise (safe; 1% risk of failure)
Confirm with . or Enter, or press ? or * to list all spells.
Aiming: Vampiric Draining (dangerous; 5% risk of failure)
Press: ? - help, Shift-Dir - straight line, f - jelly
Aim: a jelly You draw life force from the jelly!
You feel life coursing into your body. The jelly hits you.
You are splashed with acid!
* * * LOW HITPOINT WARNING * * *
The phantom closely misses you. The phantom attacks as you move away!
The phantom hits you.
You die...

..##ยง#
#.# ..#
..# #.#
...#
#..###.###
..##
#........#
###
#........#
#........#
#........#
#...WJ...#
#...@....#
#...$....#
#........#
#........#
##########


You could see a phantom and a jelly.

Vanquished Creatures
  A scorpion (D:5)
  3 adders
  A dart slug (D:3)
  4 orcs (D:3)
  An endoplasm (D:2)
  A hobgoblin (D:1)
  4 ball pythons (D:1)
  4 bats
  4 frilled lizards
  8 goblins
  9 kobolds
40 creatures vanquished.

Notes
Turn   | Place    | Note
-------+----------+-------------------------------------------
     0 | D:1      | mathmaestro the Demonspawn Necromancer began the quest for
                  | the Orb.
     0 | D:1      | Reached XP level 1. HP: 13/13 MP: 3/3
   105 | D:1      | Found Jebriso's Jewellery Boutique.
   228 | D:1      | Discovered your monstrous ancestry.
   228 | D:1      | Gained mutation: You have sharp fingernails. [demonic
                  | ancestry]
   228 | D:1      | Reached XP level 2. HP: 20/20 MP: 3/5
   403 | D:1      | Found a faded altar of an unknown god.
  1095 | D:2      | Reached skill level 1 in Fighting
  1184 | D:3      | Reached XP level 3. HP: 21/26 MP: 0/6
  1188 | D:3      | Learned a level 3 spell: Vampiric Draining
  1552 | D:3      | Reached skill level 1 in Armour
  1664 | D:3      | Found Umohenet's Armour Boutique.
  1798 | D:3      | You fall into a shaft and drop 2 floors!
  1798 | D:5      | Entered Level 5 of the Dungeon
  1806 | D:5      | Noticed a scorpion
  1812 | D:5      | Killed a scorpion
  1813 | D:5      | Reached skill level 5 in Necromancy
  1813 | D:5      | Reached XP level 4. HP: 28/33 MP: 0/8
  1991 | D:5      | Noticed a phantom
  2098 | D:5      | Slain by a phantom

Illustrated notes

Levels and vault maps discovered:
D:1:      wander_arrival_peaceful_grave, layout_rooms, basic_ecumenical_altar,
          serial_shops, shop
D:2:      layout_rooms
D:3:      layout_basic, nicolae_dithmenos_shadow_blocks, serial_shops,
          nicolae_shop_stone, ebering_ghost_sewer_f, kennysheep_generic_room_4
D:5:      layout_rooms, serial_corexii_hall, corexii_hall_statues_i,
          corexii_hall_statues_u, uniq_grinder

Skill      XL: |  1  2  3  4 |
---------------+-------------+-----
Dodging        | 2 |  2.0
Stealth        | 2 |  2.0
Fighting       | 1 2 |  2.0
Armour         | 1 |  1.6
Necromancy     | 5 |  5.1
Spellcasting   | |  2.8

Action                   |  1- 3 |  4- 6 || total
-------------------------+-------+-------++-------
Melee: Dagger            |    18 |    22 ||    40
       Unarmed           |     1 |       ||     1
 Cast: Necrotise         |    59 |     1 ||    60
       Vampiric Draining |     1 |     1 ||     2
  Use: Scroll            |     4 |     4 ||     8
 Stab: Distracted        |       |     1 ||     1
Armor: Robe              |     7 |     1 ||     8
Dodge: Dodged            |    35 |    14 ||    49

Table legend: (Time is in decaauts)
 A = Elapsed time spent in this place.
 B = Non-inter-level travel time spent in this place.
 C = Inter-level travel time spent in this place.
 D = Time resting spent in this place.
 E = Time spent auto-exploring this place.
 F = Levels seen in this place.
 G = Mean time per level.
                   A        B        C        D        E       F      G
               +--------+--------+--------+--------+--------+-----+--------+
         Total |   2096 |   2062 |     34 |    396 |   1299 |   4 |  524.0 |
       Dungeon |   2096 |   2062 |     34 |    396 |   1299 |   4 |  524.0 |
               +--------+--------+--------+--------+--------+-----+--------+

Top non-repeatable levels by time:
     D:3: 671 daAuts
     D:1: 664 daAuts
     D:2: 460 daAuts
     D:5: 299 daAuts
